Map: Central Protocol

Players

Blubbel

  • Race: Terran Terran
  • League: Bronze

Odessa

  • Race: Terran Terran
  • League: Silver

zod

  • Race: Terran Terran
  • League: Silver

Strawhat

  • Race: Terran Terran

VOD

Have the link to the VOD?

Description

Time

  • Played on: Dec. 20, 2015, 8:53 a.m.
  • Length: 21:28
Show
View Real Time Build Order
Export as new Build Order

Blubbel Terran 

Build Orders: MMM Bio 

Get SALT Encoding   

  12  0:01  SCV  
  13  0:13  SCV  
  14  0:19  Supply Depot  
  14  0:36  SCV  
  15  0:45  Barracks  
  15  0:48  SCV  
  16  1:00  SCV  
  17  1:11  Refinery  
  17  1:22  SCV  
  18  1:34  SCV  
  19  1:46  SCV  
  19  1:55  Command Center  
  19  1:58  SCV  
  20  2:10  SCV  
  20  2:14  Refinery  
  21  2:19  Supply Depot, Marine  
  22  2:28  SCV  
  23  2:41  SCV  
  24  2:45  Marine  
  24  2:48  Factory  
  25  2:53  SCV  
  26  3:03  Marine  
  26  3:05  SCV  
  28  3:07  SCV  
  29  3:17  SCV  
  29  3:19  SCV  
  31  3:21  Engineering Bay  
  31  3:32  Barracks Tech Lab  
  31  3:34  Factory Tech Lab, Barracks  
  31  3:39  Starport  
  31  3:42  SCV  
  31  3:44  SCV  
  33  3:54  SCV  
  34  3:56  SCV  
  34  4:00  Marauder  
  34  4:01  Widow Mine  
  39  4:08  Orbital Command  
  38  4:14  Terran Infantry Weapons Level 1  
  38  4:20  Starport Reactor  
  38  4:23  SCV  
  39  4:27  Barracks Reactor  
  39  4:28  Barracks  
  39  4:29  Refinery  
  39  4:30  Refinery, Marine  
  40  4:39  SCV  
  40  4:41  SCV  
  40  4:44  Widow Mine  
  44  4:51  SCV  
  45  4:54  Combat Shields  
  45  4:55  Missile Turret  
  45  5:03  SCV, Missile Turret  
  45  5:05  Medivac  
  48  5:10  Supply Depot  
  48  5:16  Orbital Command  
  48  5:19  Medivac  
  50  5:26  Marine  
  51  5:29  Widow Mine  
  51  5:34  Barracks Reactor, Barracks  
  53  5:47  SCV x2  
  53  5:49  Marine x3  
  58  5:59  SCV x2  
  60  6:07  Supply Depot, Marine x2  
  60  6:10  Supply Depot  
  62  6:12  Terran Infantry Armor Level 1  
  62  6:18  Liberator  
  62  6:22  Barracks Tech Lab  
  62  6:27  Stimpack  
  62  6:28  Marine x5  
  62  6:29  SCV x2  
  72  6:46  Marine x3  
  77  6:47  Marauder  
  77  6:54  Command Center  
  77  7:01  SCV  
  78  7:04  Refinery  
  78  7:06  Supply Depot  
  78  7:10  Supply Depot  
  78  7:27  SCV, Missile Turret, Marauder  
  77  8:14  Liberator  
  77  8:16  Liberator  
  75  8:22  Marauder, Marine  
  75  8:23  Marauder, Marine x2  
  75  8:24  Marine  
  75  8:25  Widow Mine  
  91  8:40  Marine x2  
  91  8:41  Marine  
  94  8:44  Supply Depot, Marauder x2  
  98  8:48  Orbital Command  
  98  8:52  SCV x2  
  98  8:53  Widow Mine  
  101  9:04  SCV x2  
  101  9:05  Marauder x2  
  107  9:16  SCV x2  
  101  9:22  Widow Mine  
  103  9:26  Bunker, Marauder  
  103  9:27  Marauder  
  103  9:28  SCV  
  106  9:41  Medivac x2  
  110  9:48  Marauder x2  
  110  9:49  Starport  
  110  9:50  Widow Mine  
  110  9:52  Starport  
  116  9:58  Fusion Core  
  116  10:03  Refinery  
  116  10:11  Medivac  
  115  10:19  Widow Mine  
  116  10:24  Reaper  
  106  10:47  Widow Mine  
  108  10:50  Starport Tech Lab  
  108  11:00  Fusion Core  
  108  11:09  Marauder  
  108  11:10  Marine x3, Marauder  
  108  11:11  Marine  
  114  11:28  Barracks, Marine x3  
  117  11:38  Command Center, Supply Depot  
  99  11:40  Liberator  
  117  11:41  Starport Tech Lab  
  117  11:42  Starport Tech Lab  
  117  11:49  Supply Depot, Starport  
  117  11:56  Supply Depot  
  117  11:57  Weapon Refit, Marine x4  
  117  12:00  Building Armor, Marauder x2  
  128  12:04  High Capacity Fuel Tanks  
  128  12:05  Concussive Shells  
  128  12:06  Cloaking Field, Missile Turret  
  128  12:10  Advanced Ballistics  
  128  12:14  Marine x4  
  132  12:18  Infernal Pre-Igniter  
  132  12:21  Marauder x2  
  136  12:24  Battlecruiser  
  136  12:25  Battlecruiser  
  136  12:26  Supply Depot  
  136  12:28  Missile Turret  
  148  12:32  Liberator  
  148  12:43  Fusion Core  
  148  12:46  Behemoth Reactor  
  148  12:48  Siege Tank, Marauder x2  
  158  12:57  Supply Depot  
  158  13:03  Supply Depot  
  158  13:05  Orbital Command  
  158  13:09  Marauder x2  
  158  13:10  Refinery  
  158  13:11  Refinery  
  162  13:24  Command Center  
  162  13:31  Marauder x2  
  166  13:36  Battlecruiser, Mag-Field Accelerator  
  166  13:39  Battlecruiser  
  166  13:40  Marine  
  179  13:47  SCV x4  
  183  13:52  Supply Depot  
  183  13:55  Supply Depot  
  183  13:59  SCV x2  
  183  14:00  SCV  
  186  14:17  SCV x3  
  186  14:20  Marine  
  186  14:21  Marine x5  
  195  14:38  Marine  
  195  14:39  Marine x4  
  195  14:40  Refinery  
  195  14:41  Orbital Command  
  200  14:51  Refinery  
  200  15:04  Missile Turret  
  196  16:12  SCV  
  196  16:13  SCV  
  172  16:52  Command Center  
  171  17:10  Marine  
  171  17:11  Marine x4  
  176  17:32  Marine x6  
  176  17:33  Marine  
  183  17:49  Marine  
  183  17:50  Marine x2  
  186  18:05  Bunker  
  164  19:41  Command Center  
  164  19:42  Battlecruiser x3  
  154  20:10  Marine x3  
  154  20:11  Marine x4  
  159  20:28  Marine x5  
  159  20:29  Marine x2  
  158  20:46  Marine x5  
Show
View Real Time Build Order
Export as new Build Order

Odessa Terran 

Build Orders:  

Get SALT Encoding   

  12  0:01  SCV  
  13  0:13  SCV  
  14  0:24  Supply Depot  
  14  0:25  SCV  
  15  0:48  SCV, Barracks  
  16  1:00  SCV  
  17  1:12  SCV  
  18  1:25  SCV  
  19  1:32  Supply Depot  
  19  1:37  SCV  
  20  1:40  Supply Depot  
  20  1:41  Marine  
  20  1:43  Refinery  
  21  1:48  Refinery  
  21  1:49  SCV  
  22  1:59  Marine  
  22  2:01  SCV, Bunker  
  24  2:13  SCV  
  25  2:24  Command Center  
  25  2:25  SCV  
  26  2:37  SCV  
  26  2:40  Bunker  
  26  2:43  Barracks Reactor  
  27  2:49  SCV  
  28  2:53  Supply Depot  
  28  3:15  Bunker  
  28  3:22  SCV  
  28  3:25  Marine x2  
  31  3:34  SCV  
  31  3:38  Supply Depot  
  32  3:42  Marine  
  32  3:43  Marine  
  32  3:47  SCV  
  35  3:59  SCV, Orbital Command  
  36  4:11  Supply Depot, SCV  
  37  4:21  Factory  
  37  4:23  SCV  
  38  4:25  Marine x2  
  40  4:35  SCV  
  41  4:43  Barracks, Marine x2  
  43  4:48  SCV  
  44  5:00  SCV  
  44  5:01  Marine x2  
  44  5:06  Factory Tech Lab  
  47  5:10  Engineering Bay  
  47  5:12  SCV  
  48  5:19  Marine  
  49  5:24  SCV  
  49  5:26  Siege Tank  
  49  5:28  Refinery  
  53  5:32  Barracks Tech Lab, Refinery  
  53  5:36  SCV  
  53  5:40  Barracks  
  54  5:48  SCV  
  55  5:58  Siege Tank  
  55  6:00  SCV  
  55  6:01  Command Center  
  59  6:12  SCV  
  60  6:19  Combat Shields  
  60  6:22  Marauder  
  60  6:24  SCV  
  63  6:30  Siege Tank  
  66  6:36  SCV  
  67  6:43  Barracks Reactor, Marauder  
  69  6:49  SCV  
  69  6:51  Starport  
  69  6:52  Marine x2  
  72  7:01  SCV  
  73  7:02  Siege Tank  
  73  7:05  Marauder  
  78  7:12  Marine x2  
  78  7:13  SCV  
  81  7:19  SCV  
  81  7:22  Missile Turret  
  82  7:25  SCV  
  82  7:26  Marauder  
  85  7:30  Marine x2  
  85  7:31  SCV  
  88  7:43  SCV  
  86  7:47  Marine  
  86  7:48  Marine x2  
  71  7:55  SCV  
  70  8:01  Command Center  
  70  8:05  Marine  
  71  8:07  SCV  
  70  8:19  SCV  
  69  8:31  SCV  
  70  8:43  SCV  
  71  8:51  Starport Reactor  
  69  9:05  SCV  
  70  9:17  SCV x2  
  67  9:29  SCV x2  
  67  9:41  SCV  
  67  9:42  SCV  
  69  9:53  SCV  
  69  9:54  SCV  
  70  10:05  SCV  
  63  10:17  SCV  
  63  10:22  Liberator x2  
  61  10:29  SCV  
  47  10:41  SCV x2  
  52  10:44  SCV  
  53  10:53  SCV x2  
  53  10:56  SCV  
  54  10:59  Missile Turret  
  53  11:05  SCV x2  
  54  11:17  SCV  
  54  11:18  SCV, Missile Turret  
  55  11:29  SCV  
  55  11:30  SCV  
  57  11:38  SCV  
  57  11:39  Missile Turret  
  58  11:42  SCV  
  59  11:50  SCV  
  61  11:54  SCV  
  61  12:00  Missile Turret  
  61  12:02  SCV  
  62  12:15  SCV  
  63  12:18  Missile Turret  
  63  12:20  Missile Turret  
  63  12:27  SCV  
  63  12:29  SCV  
  65  12:38  SCV  
  65  12:39  SCV  
  65  12:40  Missile Turret  
  65  12:41  SCV  
  65  12:42  Missile Turret  
  65  12:44  Missile Turret  
  68  12:51  SCV  
  69  12:53  SCV  
  69  12:56  SCV  
  71  13:05  SCV, Missile Turret  
  72  13:08  SCV  
  72  13:09  Planetary Fortress  
  73  13:17  SCV  
  74  13:20  SCV  
  74  13:26  Missile Turret  
  75  13:32  SCV  
  75  13:33  Missile Turret  
  76  13:44  SCV  
  76  13:45  Command Center, Medivac x2  
  76  13:48  Stimpack  
  81  13:50  Marine x2  
  81  13:51  Marine x3  
  81  13:53  Missile Turret  
  86  14:05  Supply Depot  
  86  14:08  Marine x3  
  86  14:09  Marine x2  
  90  14:22  Missile Turret  
  90  14:26  Missile Turret, Marine x3  
  90  14:27  Supply Depot, Marine x2  
  95  14:32  Terran Infantry Weapons Level 1  
  95  14:34  Medivac x2  
  98  14:44  Marine x3  
  101  14:45  Refinery  
  101  14:49  SCV, Marine x2  
  101  14:51  Supply Depot  
  103  15:01  SCV  
  103  15:07  Marine  
  103  15:13  SCV  
  105  15:14  Supply Depot  
  105  15:16  Marine x4  
  109  15:24  Marine  
  109  15:25  SCV  
  111  15:31  Barracks  
  111  15:33  Marine x2  
  111  15:34  Marine x2  
  114  15:37  SCV  
  114  15:38  Supply Depot  
  114  15:42  Marine  
  111  15:51  Marine x3  
  111  15:52  Marine  
  111  16:00  Marine  
  112  16:09  Marine x4  
  116  16:18  Marine  
  109  16:27  Marine x4  
  106  16:36  Marine  
  103  17:27  Viking x2  
  107  17:32  Marine x3  
  107  17:33  Marine  
  108  17:50  Marine x2  
  110  17:56  Marine  
  110  17:57  Marine  
  109  18:08  Viking, Marine x2  
  110  18:50  Marine x2  
Show
View Real Time Build Order
Export as new Build Order

zod Terran 

Build Orders:  

Get SALT Encoding   

Show
View Real Time Build Order
Export as new Build Order

Strawhat Terran 

Build Orders:  

Get SALT Encoding   

Tags
 
Add a new tag
Caveats
  • Supply blocks, unpowered buildings, or Contaminate may cause inaccurate times.
  • Supply counts are checked every 10 seconds.